[Event "Early-Titled-Tuesday-Blitz-October-03-2023"]
[Site "Chess.com"]
[Date "2023.10.03"]
[Round "5"]
[White "zajka-molotok"]
[Black "gtnamfrq"]
[Result "0-1"]
[WhiteElo "2561"]
[BlackElo "2426"]
[TimeControl "180+1"]
[EndTime "8:56:01 PDT"]
[Termination "gtnamfrq won on time"]

1. e4 c5 2. Nf3 e6 3. g3 Nc6 4. Bg2 Nf6 5. d3 d5 6. Qe2 Be7 7. O-O O-O 8. e5 Nd7 9. c4 a6 10. Rd1 b5 11. cxd5 exd5 12. d4 c4 13. e6 Nf6 14.
exf7+ Kh8 15. Ne5 Bb7 16. Bg5 Qc7 17. Nc3 Qd6 18. Bxf6 Bxf6 19. Nxc6 Bxc6 20. Qf3 Rxf7 21. Rd2 Rff8 22. Qe2 Bg5 23. Rdd1 Rad8 24. f4 Bf6 25. Qf3 Rfe8 26. Rd2 Qc7 27. g4 Qa7 28. Rad1 b4 29. Ne2 g6 30. Ng3 Bg7 31. g5 Rf8 32. h4 Rde8 33. h5 Qc7 34. h6 Rxf4 35. hxg7+ Kxg7 0-1

[Event "Early-Titled-Tuesday-Blitz-October-03-2023"]
[Site "Chess.com"]
[Date "2023.10.03"]
[Round "5"]
[White "viktorgen2021"]
[Black "RamonManon0g"]
[Result "0-1"]
[WhiteElo "2426"]
[BlackElo "2284"]
[TimeControl "180+1"]
[EndTime "8:56:01 PDT"]
[Termination "RamonManon0g won on time"]

1. d4 Nf6 2. Nf3 g6 3. g3 d5 4.
Bg2 Bg7 5. O-O O-O 6. c4 c6 7. cxd5 Nxd5 8. Nc3 Nxc3 9. bxc3 Nd7 10. e4 Nf6 11. e5 Nd5 12. c4 Nb6 13. c5 Nd5 14. Ne1 Qa5 15. Bd2 Qb5 16. Rc1 Bf5 17. Nc2 Qa4 18. Bg5 Qxa2 19. Ne3 Nxe3 20. Bxe3 Rfd8 21. Qf3 a5 22. g4 Be6 23. h4 Bd5 24. Qg3 Bxg2 25.
Qxg2 a4 26. h5 a3 27. Qg3 Qd5 28. f4 a2 29. f5 Ra3 30. Qf4 Rda8 31. h6 a1=Q 32.
hxg7 Qb2 33. Rf2 Qbb3 34. Re1 Ra1 35. Rff1 Qc2 36. Bf2 Rxe1 37. Rxe1 Qd3 38. fxg6 fxg6 39. e6 Kxg7 0-1

[Event "Early-Titled-Tuesday-Blitz-October-03-2023"]
[Site "Chess.com"]
[Date "2023.10.03"]
[Round "5"]
[White "OchsenfroschGambit"]
[Black "GeorgiosSouleidis"]
[Result "1/2-1/2"]
[WhiteElo "2440"]
[BlackElo "2598"]
[TimeControl "180+1"]
[EndTime "8:56:03 PDT"]
[Termination "Game drawn by repetition"]

1. e4 c5 2. Nf3 e6 3. c4 Nc6 4. Nc3 Nd4 5. Bd3 Ne7 6. Nxd4 cxd4 7. Ne2 Nc6 8. O-O Bc5 9. a3 a5 10. Ng3 O-O 11. Be2 d5 12. cxd5 exd5 13. exd5 Qxd5 14. Bf3 Qd8 15. d3 Be6 16. Bf4 Re8 17. Rc1 Bd6 18. Qd2 Qb8 19. Bxd6 Qxd6 20. Ne4 Qe7 21. Nc5 Rab8 22.
Rfe1 Qf6 23. Nxb7 Ne5 24. Be4 Bf5 25. Nxa5 Bxe4 26. Rxe4 Qg6 27. Qe2 f6 28. Re1 Rec8 29. f4 Nd7 30. Re7 Nf8 31. Nc4 h5 32. Qe4 Qg4 33. h3 Qg3 34. Qe2 h4 35. Qf2 Qxf2+ 36. Kxf2 Ng6 37. Rd7 Nxf4 38. Ree7 Nxd3+ 39. Kf3 Rxc4 40. Rxg7+ Kh8 41. Rh7+ Kg8 42. Rhg7+ Kh8 43. Rh7+ Kg8 44. Rhg7+ 1/2-1/2

[Event "Early-Titled-Tuesday-Blitz-October-03-2023"]
[Site "Chess.com"]
[Date "2023.10.03"]
[Round "5"]
[White "Rosh1610"]
[Black "mmDarko"]
[Result "0-1"]
[WhiteElo "2446"]
[BlackElo "2315"]
[TimeControl "180+1"]
[EndTime "8:56:03 PDT"]
[Termination "mmDarko won by resignation"]

1. e4 e6 2. d4 d5 3. Nc3 Bb4 4. exd5 exd5 5. Bd3 Nf6 6. Ne2 O-O 7. O-O c6 8. Bg5 Bd6 9. f3 Be6 10. Qd2 Nbd7 11. Rae1 Qc7 12. Nf4 Rae8 13. h3 h6 14. Nxe6 Rxe6 15. Rxe6 fxe6 16. Bxf6 Rxf6 17. Re1 Qb6 18. Kh1 Nf8 19. Nd1 Bb8 20. c3 Qc7 21. Kg1 Qh2+ 22. Kf2 Bg3+ 23. Ke2 Qxg2+ 24. Ke3 Qxd2+ 25. Kxd2 Bxe1+ 26. Kxe1 Rxf3 27. Nf2 Rxf2 28. Kxf2 Kf7 29. Kf3 Kf6 30. Ke3 Nd7 31. Kf3 Nf8 32.
Ke3 Ng6 33. Be2 Nh4 34. Bg4 Nf5+ 35. Kf2 e5 36. dxe5+ Kxe5 37. Bh5 g5 38. Be8 c5 39. Bd7 b6 40. Kf3 Nh4+ 41. Kg4 Ng2 42. Kh5 Kf6 43.
Kxh6 Nf4 44. Bc8 d4 45. cxd4 cxd4 46. Bg4 d3 47. a4 d2 48. b3 Nxh3 49. Kh5 Nf2 50.
Bf3 d1=Q 51. Bxd1 Nxd1 52. a5 bxa5 53. b4 axb4 54. Kg4 b3 0-1

[Event "Early-Titled-Tuesday-Blitz-October-03-2023"]
[Site "Chess.com"]
[Date "2023.10.03"]
[Round "5"]
[White "Verony64"]
[Black "NaciSAN"]
[Result "0-1"]
[WhiteElo "2222"]
[BlackElo "2132"]
[TimeControl "180+1"]
[EndTime "8:56:03 PDT"]
[Termination "NaciSAN won by resignation"]

1. e4 d6 2. Nc3 Nf6 3. d3 g6 4. g3 Bg7 5. Bg2 O-O 6. f4 c5 7. Nf3 Nc6 8. O-O Bg4 9. h3 Bxf3 10. Bxf3 Nd4 11. Bg2 b5 12. Be3 Rb8 13. Qd2 b4 14.
Nd1 Qc7 15. c3 bxc3 16. bxc3 Nb5 17. Rc1 Na3 18. Nf2 Nd7 19. d4 c4 20. e5 Rb5 21. Ne4 Rfb8 22. Qe1 Rb2 23. Rf2 d5 24. Ng5 e6 25. g4 h6 26. Nf3 Rxf2 27. Qxf2 Qb6 28.
f5 Qb2 29. Qh4 Qe2 30. Re1 Rb1 31. Kh2 Rxe1 32. Qxe1 Qxe1 33. Nxe1 Nb6 34. fxe6 fxe6 35. g5 h5 36. Nf3 Na4 37. Nh4 Kf7 38. Bd2 Nb1 39. Bc1 Naxc3 40. Bf1 Bf8 41. a3 Bxa3 42.
Bxa3 Nxa3 43. Ng2 Nc2 44. Nf4 Nxd4 45. h4 a5 46. Bh3 a4 47. Kg3 a3 48. Kf2 a2 0-1

[Event "Early-Titled-Tuesday-Blitz-October-03-2023"]
[Site "Chess.com"]
[Date "2023.10.03"]
[Round "5"]
[White "temus_galaktionov"]
[Black "NelsonLinda"]
[Result "1-0"]
[WhiteElo "2859"]
[BlackElo "2591"]
[TimeControl "180+1"]
[EndTime "8:56:04 PDT"]
[Termination "temus_galaktionov won by resignation"]

1. d4 Nf6 2. Nf3 g6 3. c4 Bg7 4.
Nc3 O-O 5. e4 d6 6. Be2 e5 7.
O-O Nc6 8. d5 Ne7 9. Ne1 Nd7 10.
f3 f5 11. g4 f4 12. h4 Kh8 13. Bd2 Ng8 14. Ng2 Ngf6 15. Be1 a5 16. Kh2 Nc5 17. Bf2 b6 18. Ne1 Qd7 19. Rh1 h5 20. g5 Ng4+ 21.
fxg4 hxg4 22. Kg1 Na6 23. h5 gxh5 24. Rxh5+ Kg8 25. Kf1 f3 26. Bd3 Qf7 27. Rh4 Qg6 28.
Qd2 Nc5 29. Bg3 Rf7 30. Bc2 Bf8 31. Qh2 Bg7 32. Rh5 Bd7 33. b3 Rff8 34. Kf2 Kf7 35. Nxf3 gxf3 36. Rh1 Rh8 37. Rxh8 Rxh8 38. Bh4 Qh5 39.
Qg3 Kg6 40. Nb1 Qg4 41. Nd2 Qxg3+ 42. Kxg3 Bf8 43. Nxf3 Be7 44. Rh2 Rf8 45. Nd2 Bc8 46. Rf2 Rxf2 47. Kxf2 Kh5 48. Kg3 Bd7 49. Nf3 Bg4 50.
g6 Bxh4+ 51. Nxh4 Bd7 52. g7 1-0

[Event "Early-Titled-Tuesday-Blitz-October-03-2023"]
[Site "Chess.com"]
[Date "2023.10.03"]
[Round "5"]
[White "hakanazeri2"]
[Black "PoXerStar"]
[Result "1-0"]
[WhiteElo "2605"]
[BlackElo "2421"]
[TimeControl "180+1"]
[EndTime "8:56:04 PDT"]
[Termination "hakanazeri2 won by resignation"]

1. Nf3 Nc6 2. c4 Nf6 3. d4 e6 4.
Nc3 Bb4 5. Qc2 d6 6. a3 Bxc3+ 7. Qxc3 O-O 8. g3 Qe7 9. Bg2 e5 10. dxe5 dxe5 11. O-O Bf5 12. b4 Rad8 13. Bb2 Nd4 14. Nxd4 exd4 15. Qd2 Be4 16. Rad1 b6 17. f3 Bg6 18. Bxd4 c5 19. bxc5 bxc5 20. Qe3 Qc7 21. Bxc5 Rfe8 22. Rxd8 Qxd8 23. Qd4 Qc8 24. e4 a6 25. Bd6 Rd8 26. c5 Ne8 27. f4 Bh5 28.
e5 Nc7 29. Rb1 Nb5 30. Qe3 Bg6 31. Rb2 h5 32. a4 Nxd6 33. exd6 Re8 34. Qd4 Qe6 35.
d7 Rd8 36. c6 Qe1+ 37. Bf1 Bf5 38. c7 Rxd7 39. c8=Q+ 1-0

[Event "Early-Titled-Tuesday-Blitz-October-03-2023"]
[Site "Chess.com"]
[Date "2023.10.03"]
[Round "5"]
[White "hurricane7791"]
[Black "Mr_ruthless"]
[Result "1-0"]
[WhiteElo "2711"]
[BlackElo "2500"]
[TimeControl "180+1"]
[EndTime "8:56:05 PDT"]
[Termination "hurricane7791 won by resignation"]

1. d4 Nf6 2. c4 c5 3. d5 d6 4. Nc3 g6 5. e4 Bg7 6. h3 e6 7. Nf3 Na6 8. Bd3 Nc7 9. O-O e5 10.
a3 O-O 11. b4 b6 12. Bg5 h6 13. Be3 Nh5 14. Ne1 Nf4 15. Be2 f5 16. exf5 Bxf5 17. Rc1 g5 18. Bf3 Qe7 19. Be4 Ne8 20. Nf3 Bxe4 21. Nxe4 Nf6 22. Nfd2 Rf7 23. bxc5 bxc5 24. Rb1 Raf8 25. Qc2 N6h5 26. Kh2 g4 27. Qd1 gxh3 28.
g3 Nf6 29. Nxf6+ Qxf6 30. Qg4 Nd3 31. Ne4 Qe7 32. Kxh3 Kh8 33. Kg2 Qd7 34. Qxd7 Rxd7 35. Rb3 Nf4+ 36. gxf4 exf4 37. Bd2 Be5 38. Rfb1 Rg7+ 39.
Kf3 h5 40. Rb8 Rfg8 41. Rxg8+ Kxg8 42. Rh1 Rh7 43. Bc3 Bxc3 44. Nxc3 Kf7 45. Ne4 Kg6 46. Kxf4 Rf7+ 47. Ke3 Rb7 48. Nxd6 Rb3+ 49. Kf4 Rxa3 50.
Rf1 h4 51. Rg1+ Kf6 52. Ne4+ Kf7 53. Ke5 Rf3 54. Ng5+ 1-0

[Event "Early-Titled-Tuesday-Blitz-October-03-2023"]
[Site "Chess.com"]
[Date "2023.10.03"]
[Round "5"]
[White "Firouzja2003"]
[Black "Anton_Demchenko"]
[Result "1-0"]
[WhiteElo "3119"]
[BlackElo "2913"]
[TimeControl "180+1"]
[EndTime "8:56:07 PDT"]
[Termination "Firouzja2003 won by resignation"]

1. d4 Nf6 2. c4 d6 3. Nf3 Nc6 4. Nc3 e5 5. g3 Be7 6. Bg2 O-O 7.
O-O h6 8. d5 Nb8 9. e4 a5 10. Ne1 Na6 11. Nd3 c6 12. h3 Bd7 13.
Be3 cxd5 14. cxd5 b5 15. f4 b4 16. Ne2 exf4 17. gxf4 Nc7 18. Rc1 Qb8 19. Nd4 Re8 20.
Bf2 Bd8 21. e5 dxe5 22. Nxe5 Nb5 23. Ndc6 Bxc6 24. Rxc6 Nd6 25. Qd3 Be7 26. Rfc1 a4 27.
Bf3 Ra5 28. Rb6 Qa8 29. Nc6 Bf8 30. Nxa5 Qxa5 31. Ra6 Qd8 32. Re1 Rxe1+ 33. Bxe1 Qc8 34. Kg2 b3 35. axb3 axb3 36. Rc6 Qb7 37. Bf2 Qa8 38.
Qxb3 Qa1 39. Qc2 g6 40. b4 Qa3 41. Qc3 Be7 42. Qxa3 1-0

[Event "Early-Titled-Tuesday-Blitz-October-03-2023"]
[Site "Chess.com"]
[Date "2023.10.03"]
[Round "5"]
[White "mortngabriel"]
[Black "Alexei_Gubajdullin"]
[Result "0-1"]
[WhiteElo "2582"]
[BlackElo "2744"]
[TimeControl "180+1"]
[EndTime "8:56:07 PDT"]
[Termination "Alexei_Gubajdullin won by resignation"]

1. d4 Nf6 2. Nf3 g6 3. c4 Bg7 4. e3 O-O 5. Be2 d6 6. Nc3 Nc6 7. d5 Ne5 8. Nxe5 dxe5 9. e4 c5 10. dxc6 bxc6 11. Qxd8 Rxd8 12. f3 Ne8 13. Be3 Nc7 14.
Na4 Ne6 15. Nc5 Nd4 16. Bd3 Bf8 17. O-O-O e6 18. Nb3 a5 19. Nxd4 exd4 20. Bg5 Rd7 21. e5 c5 22. g4 Bb7 23. Rdf1 Bg7 24. Bf4 f6 25. exf6 Bxf6 26. h4 e5 27. Bg3 Re8 28. Be4 a4 29. Bxb7 Rxb7 30. Be1 Bg7 31. Bd2 e4 32.
fxe4 Rxe4 33. Rf4 Re2 34. Re1 d3 35. Rxe2 dxe2 36. Re4 Rxb2 37. Rxe2 Rxa2 38. Re8+ Kf7 39. Ra8 Bd4 40. g5 a3 41. Ra6 Ke7 42. Ra7+ Ke6 43. Rxh7 Rxd2 44. Kxd2 a2 45. Ra7 a1=Q 46. Rxa1 Bxa1 0-1

[Event "Early-Titled-Tuesday-Blitz-October-03-2023"]
[Site "Chess.com"]
[Date "2023.10.03"]
[Round "5"]
[White "ljm509"]
[Black "Zq1"]
[Result "0-1"]
[WhiteElo "2322"]
[BlackElo "2520"]
[TimeControl "180+1"]
[EndTime "8:56:07 PDT"]
[Termination "Zq1 won on time"]

1. e4 c5 2. Nf3 d6 3. Bb5+ Bd7 4. Bxd7+ Qxd7 5. O-O Nc6 6. Re1 Nf6 7. c3 e6 8. d4 cxd4 9. cxd4 d5 10. e5 Ne4 11. a3 Be7 12. Qd3 O-O 13. Nbd2 Nxd2 14. Bxd2 h6 15. Rac1 Rac8 16. h4 b6 17. g4 Na5 18. g5 h5 19. Rxc8 Rxc8 20. Bxa5 bxa5 21. Qa6 a4 22. Re2 g6 23. Kg2 Rc7 24. Re3 Qc6 25. Qa5 Qd7 26. Rc3 Rxc3 27. Qxc3 Kg7 28. Ne1 Bd8 29.
Nd3 Bb6 30. Kf3 Qb5 31. Ke3 a6 32. Qb4 Qc6 33. Kd2 a5 34. Qc3 Qb5 35. Ke3 Qd7 36. Nc5 Qb5 37. Nd3 Qe8 38. Nc5 Qc6 39. Nd3 Qb5 40. Kd2 Kf8 41. Ke3 Ke7 42. Kd2 Kd7 43. Kc2 Qc4 44. Qxc4 dxc4 0-1

[Event "Early-Titled-Tuesday-Blitz-October-03-2023"]
[Site "Chess.com"]
[Date "2023.10.03"]
[Round "5"]
[White "valemava"]
[Black "campochess"]
[Result "1-0"]
[WhiteElo "2282"]
[BlackElo "2160"]
[TimeControl "180+1"]
[EndTime "8:56:07 PDT"]
[Termination "valemava won on time"]

1. c4 e6 2. a3 d5 3. e3 Nf6 4.
b4 c6 5. Bb2 Nbd7 6. Nf3 Be7 7. Nc3 Ng4 8. h3 Nge5 9. Nxe5 Nxe5 10.
Nxd5 Nxc4 11. Bxc4 exd5 12. Bd3 Bf6 13. Bc3 Bxc3 14. dxc3 Qh4 15. O-O O-O 16. Qf3 Be6 17.
Rfe1 Rfe8 18. Rad1 a5 19. Bf1 axb4 20. axb4 Ra3 21.
Rd4 Qf6 22. Qxf6 gxf6 23. Rc1 Rea8 24. g4 Ra1 25. Rdd1 Rxc1 26. Rxc1 f5 27. g5 Ra2 28. Kg2 Kf8 29. Kf3 Ke7 30. h4 Kd6 31. Bd3 Ke5 32.
h5 Ra3 33. Kg3 Kd6 34. f4 Bd7 35. Kf3 Be6 36. Ke2 Ra2+ 37. Rc2 Ra1 38. Kd2 Rh1 39. Be2 b5 40. Ra2 d4 41. Ra8 Bc4 42. Bxc4 dxe3+ 43. Kxe3 bxc4 44. Rf8 Ke7 45. Rh8 Rxh5 46. Kd4 Rh4 47. Ke5 Rh3 48. Kxf5 Rxc3 49. Rxh7 Kf8 50. Kf6 Kg8 51.
Rg7+ Kh8 52. Rxf7 Rf3 53. Kg6 Kg8 54. f5 c3 55. f6 c2 56. Rc7 1-0

[Event "Early-Titled-Tuesday-Blitz-October-03-2023"]
[Site "Chess.com"]
[Date "2023.10.03"]
[Round "5"]
[White "VovenRogel"]
[Black "Byniolus"]
[Result "1-0"]
[WhiteElo "2862"]
[BlackElo "2747"]
[TimeControl "180+1"]
[EndTime "8:56:08 PDT"]
[Termination "VovenRogel won on time"]

1. c4 c6 2. Nf3 d5 3. e3 Nf6 4.
Nc3 Bg4 5. cxd5 Bxf3 6. Qxf3 cxd5 7. d4 Nc6 8. Bd3 e6 9. O-O Bd6 10. Bd2 O-O 11. Qh3 g6 12. Rac1 Rc8 13. f4 Qe7 14. g4 a6 15. g5 Nh5 16. a3 Rc7 17. Qf3 Rfc8 18. Na4 Ng7 19. h4 Nb8 20. Rxc7 Rxc7 21. Kg2 Nd7 22. Nc3 Nb6 23. e4 dxe4 24. Bxe4 Qd7 25.
Rf2 Be7 26. d5 exd5 27. Nxd5 Nxd5 28. Bxd5 Nf5 29. Qb3 Nxh4+ 30. Kh2 Bd6 31. Qd3 Qg4 32. Be4 Rd7 33. Qg3 Qxg3+ 34. Kxg3 Nf5+ 35. Bxf5 gxf5 36. Bc3 Re7 37. Rd2 Re6 38. Kf3 Kf8 39. Rd5 Ke7 40. Rxf5 b5 41. Rd5 Kd7 42. f5 Re8 43. Bb4 1-0

[Event "Early-Titled-Tuesday-Blitz-October-03-2023"]
[Site "Chess.com"]
[Date "2023.10.03"]
[Round "5"]
[White "GradualismUnleashed"]
[Black "vladislavkovalev"]
[Result "0-1"]
[WhiteElo "2621"]
[BlackElo "2861"]
[TimeControl "180+1"]
[EndTime "8:56:08 PDT"]
[Termination "vladislavkovalev won by resignation"]

1. e4 e5 2. Nf3 Nc6 3. Bb5 a6 4.
Ba4 Nf6 5. d4 exd4 6. O-O Be7 7.
Re1 O-O 8. e5 Nd5 9. Nxd4 Nb6 10. Bb3 Nxd4 11. Qxd4 d5 12. exd6 Qxd6 13. Qe4 Bf6 14.
Nc3 Bd7 15. Bf4 Qc5 16. Nd5 Nxd5 17. Qxd5 Qxd5 18. Bxd5 c6 19. Bf3 Rfe8 20. c3 Be6 21. a4 g5 22. Bc7 g4 23. Be4 h5 24. a5 Kg7 25. f3 Re7 26. Bd6 Rd7 27. Bf4 Rad8 28.
fxg4 hxg4 29. Kf2 Bh4+ 30. g3 Be7 31. Be3 Rh8 32. Bd4+ Bf6 33. Bxf6+ Kxf6 34. Rf1 Kg7 35. Kg1 Rd2 36. b4 Rhxh2 37. Rad1 Rde2 38. Rde1 Rxe1 39.
Rxe1 Rd2 40. Rf1 Re2 41. Rf4 Re3 42. Kf2 Rxc3 43. Bf5 Bxf5 44. Rxf5 Rc4 45. Rg5+ Kf6 0-1

[Event "Early-Titled-Tuesday-Blitz-October-03-2023"]
[Site "Chess.com"]
[Date "2023.10.03"]
[Round "5"]
[White "MajorCoast"]
[Black "Elbebiber"]
[Result "1-0"]
[WhiteElo "2259"]
[BlackElo "2135"]
[TimeControl "180+1"]
[EndTime "8:56:09 PDT"]
[Termination "MajorCoast won by checkmate"]

1. c4 Nf6 2. Nf3 e6 3. g3 d5 4. d4 Be7 5. Bg2 O-O 6. O-O c6 7.
Qc2 b6 8. Nbd2 Bb7 9. e4 dxe4 10. Nxe4 Nxe4 11. Qxe4 Nd7 12. Bf4 Nf6 13. Qe2 Rc8 14. Rfd1 Bd6 15. Be5 Qe7 16. Rac1 Rfd8 17. c5 Bxe5 18.
Nxe5 Nd5 19. Bxd5 Rxd5 20. b4 b5 21. Rd3 Rcd8 22. Rcd1 Qc7 23. f4 a5 24. a3 axb4 25.
axb4 Ra8 26. Re1 Qd8 27. Nxf7 Kxf7 28. Qxe6+ Kf8 29. Rde3 Qd7 30. Qe4 g6 31. Qf3 Rd8 32. Re7 Qxe7 33. Rxe7 Kxe7 34. Qe4+ Kf7 35. f5 gxf5 36.
Qh4 Kg8 37. Qg5+ Kf8 38. Qf6+ Kg8 39. Qe6+ Kf8 40. Qf6+ Kg8 41. h4 Bc8 42. h5 R5d7 43.
h6 Rf7 44. Qg5+ Kf8 45. Qxd8# 1-0

[Event "Early-Titled-Tuesday-Blitz-October-03-2023"]
[Site "Chess.com"]
[Date "2023.10.03"]
[Round "5"]
[White "Vladimir_Zakhartsov"]
[Black "DenLaz"]
[Result "0-1"]
[WhiteElo "2825"]
[BlackElo "3067"]
[TimeControl "180+1"]
[EndTime "8:56:10 PDT"]
[Termination "DenLaz won on time"]

1. d4 Nf6 2. c4 e6 3. Nf3 d5 4.
g3 Bb4+ 5. Bd2 a5 6. a3 Be7 7.
Bg2 O-O 8. Bc3 Nbd7 9. Nbd2 c6 10. b3 b5 11. c5 Ne4 12. Nxe4 dxe4 13. Ne5 Nxe5 14. dxe5 Bxc5 15. Bxe4 Qb6 16. O-O Bb7 17. Qc2 h6 18. e3 Rfd8 19. Bb2 Rac8 20. Rac1 Be7 21.
Qe2 c5 22. Bxb7 Qxb7 23. a4 c4 24.
bxc4 bxc4 25. Bd4 Qc6 26. Qc2 Rd7 27. Rb1 Rb7 28. Bc3 Bb4 29. Rfd1 Bxc3 30. Qxc3 Rxb1 31.
Rxb1 Qxa4 32. e4 Qc6 33. Qxa5 Qxe4 34. Re1 Qd4 35. Qa4 Qc5 36. Qc2 c3 37. Re3 Qd4 38. Re2 Rb8 39. Re1 Rb2 0-1

[Event "Early-Titled-Tuesday-Blitz-October-03-2023"]
[Site "Chess.com"]
[Date "2023.10.03"]
[Round "5"]
[White "jk13"]
[Black "artin10862"]
[Result "1-0"]
[WhiteElo "2636"]
[BlackElo "2827"]
[TimeControl "180+1"]
[EndTime "8:56:10 PDT"]
[Termination "jk13 won on time"]

1. e4 c5 2. c3 e6 3. d4 d5 4. exd5 Qxd5 5. Nf3 Nf6 6. Na3 cxd4 7. Nb5 Qd8 8. Nbxd4 a6 9. Bd3 Bd6 10. O-O Nbd7 11.
Qe2 Nc5 12. Bc2 Qe7 13. Ne5 h6 14. Bf4 Nd5 15. Bg3 O-O 16. Rad1 Rd8 17. Rfe1 Qc7 18. Bb1 b6 19. Ndc6 Bxe5 20. Nxe5 Re8 21. c4 Nf6 22. Nd7 Qxd7 23. Rxd7 Ncxd7 24. b4 Bb7 25. Rd1 Rac8 26. a3 e5 27. Bf5 Rc7 28. Rd6 g6 29. Bxd7 Nxd7 30.
h4 h5 31. Qd3 Re7 32. f3 Bc6 33. Kh2 Nf8 34. Rd8 Kg7 35. Qd6 f6 36. Rb8 Rf7 37.
Rxb6 Be8 38. Rb8 Rcd7 39. Qxa6 Rde7 40. Qa8 1-0

[Event "Early-Titled-Tuesday-Blitz-October-03-2023"]
[Site "Chess.com"]
[Date "2023.10.03"]
[Round "5"]
[White "ViktoriyaTarasova"]
[Black "deribas12345"]
[Result "0-1"]
[WhiteElo "2387"]
[BlackElo "2568"]
[TimeControl "180+1"]
[EndTime "8:56:10 PDT"]
[Termination "deribas12345 won on time"]

1. d4 Nf6 2. c4 c5 3. d5 b5 4. cxb5 a6 5. bxa6 Bxa6 6. Nc3 d6 7. Nf3 g6 8. e4 Bxf1 9. Kxf1 Qc8 10. g3 Qh3+ 11.
Kg1 h6 12. Qf1 Qxf1+ 13. Kxf1 Bg7 14. Ke2 O-O 15. e5 dxe5 16. Nxe5 Nxd5 17. Nxd5 Bxe5 18. Nxe7+ Kg7 19. Nd5 Nc6 20. f4 Bd4 21. Kf3 Rfd8 22.
Nb6 Ra6 23. Nc4 Nb4 24. a3 Nd3 25. Rb1 Rb8 26. b3 Re6 27. Bd2 g5 28. h3 Nb2 29.
fxg5 Rxb3+ 30. Kg4 Nxc4 31. Rxb3 Nxd2 32. gxh6+ Kxh6 33. Rb8 Ne4 34. Kf3 Ng5+ 35. Kg4 Kg6 36. Rf1 Ne4 37.
Rf4 Nf2+ 38. Kf3 Nxh3 39. Rh4 Ng5+ 40. Kg2 Re2+ 0-1

[Event "Early-Titled-Tuesday-Blitz-October-03-2023"]
[Site "Chess.com"]
[Date "2023.10.03"]
[Round "5"]
[White "rasmussvane"]
[Black "AdvanceGuard4"]
[Result "1-0"]
[WhiteElo "2953"]
[BlackElo "2650"]
[TimeControl "180+1"]
[EndTime "8:56:11 PDT"]
[Termination "rasmussvane won by resignation"]

1. Nf3 Nf6 2. g3 d5 3. Bg2 Nbd7 4. d4 Nb6 5. b3 Bf5 6. Ba3 g6 7. O-O Bg7 8. c4 O-O 9. Nbd2 c6 10. Rc1 Ne4 11. e3 Nd7 12. Nh4 Nxd2 13. Qxd2 Be6 14. cxd5 Bxd5 15. Qb4 Bxg2 16. Nxg2 Nb6 17. Qxe7 Qxe7 18.
Bxe7 Rfe8 19. Bc5 Nd5 20. Rfe1 f5 21. Nf4 Nxf4 22. gxf4 a6 23. Kg2 Rad8 24. Kf3 Kf7 25. a4 Bf8 26. Bxf8 Rxf8 27. Rc5 Rfe8 28. b4 Rxd4 29.
Rb1 Rd5 30. Rxd5 cxd5 31. Rc1 Re7 32. h4 Ke6 33. h5 d4 34. hxg6 hxg6 35. Rg1 dxe3 36.
fxe3 Kf6 37. Rd1 Re4 38. Rd6+ Ke7 39. Rb6 Kd7 40. Rxb7+ Kc6 41. Rg7 Re6 42. Ke2 Kd5 43. Kd3 Rb6 44. a5 Rxb4 45. Rxg6 Rb3+ 46. Ke2 Ra3 47.
Rxa6 Ra2+ 48. Kf3 Ra3 49. Rf6 1-0

[Event "Early-Titled-Tuesday-Blitz-October-03-2023"]
[Site "Chess.com"]
[Date "2023.10.03"]
[Round "5"]
[White "K_A_S_T_O_R"]
[Black "biostatistician"]
[Result "1-0"]
[WhiteElo "2899"]
[BlackElo "2635"]
[TimeControl "180+1"]
[EndTime "8:56:11 PDT"]
[Termination "K_A_S_T_O_R won by resignation"]

1. e4 e5 2. Nf3 Nc6 3. Bb5 Nf6 4. d3 d6 5. O-O Bd7 6. c4 g6 7.
Nc3 Bg7 8. Re1 O-O 9. Bxc6 Bxc6 10. d4 exd4 11. Nxd4 Re8 12. f3 Nh5 13. Be3 Qh4 14.
Qd2 f5 15. Nxc6 bxc6 16. Bg5 Bd4+ 17. Qxd4 Qxg5 18. exf5 gxf5 19. Rad1 a5 20. b3 Nf4 21.
g3 Ng6 22. Kf2 Qh5 23. Kg2 Ne5 24. Rf1 Rf8 25. f4 Ng4 26. h3 Nf6 27. Rde1 Rae8 28.
Qd3 Qg6 29. Qf3 c5 30. Nd5 Nxd5 31. Qxd5+ Qf7 32. Qd3 h5 33. Kf2 Kh7 34. g4 hxg4 35. hxg4 Kg6 36. Rg1 Rxe1 37. gxf5+ Kf6 38. Rxe1 Qh5 39.
Re6+ Kf7 40. Qd5 Qh4+ 41. Ke2 Qh2+ 42. Kd3 Kg7 43. f6+ Kh7 44. Qf5+ Kh8 45. Re3 Qh4 46.
Rh3 1-0

[Event "Early-Titled-Tuesday-Blitz-October-03-2023"]
[Site "Chess.com"]
[Date "2023.10.03"]
[Round "5"]
[White "hypert"]
[Black "GaiozNigalidze"]
[Result "0-1"]
[WhiteElo "2559"]
[BlackElo "2758"]
[TimeControl "180+1"]
[EndTime "8:56:11 PDT"]
[Termination "GaiozNigalidze won by resignation"]

1. d4 Nf6 2. c4 e6 3. Nc3 d5 4.
Nf3 Be7 5. Bg5 O-O 6. e3 h6 7.
Bh4 Ne4 8. Bxe7 Qxe7 9. h4 Nxc3 10. bxc3 Nd7 11. cxd5 exd5 12. Qb3 c6 13. c4 dxc4 14.
Bxc4 Nb6 15. Be2 Bg4 16. Ne5 Bxe2 17. Kxe2 Nd5 18. g3 Rfe8 19. Rhe1 Rad8 20. Kf1 Rd6 21. Rad1 Rf6 22. e4 Nb6 23. Kg2 c5 24. Nf3 cxd4 25.
e5 Re6 26. Rxd4 Qc5 27. Rde4 R8e7 28. h5 Qd5 29. Qc2 Re8 30. Qe2 Nd7 31. Rd1 Qc6 32. Rc4 Nc5 33. Kg1 Qa6 34. Qc2 b6 35. Rd6 Qb7 36.
Rxe6 Rxe6 37. Qe2 Qd5 38. Rd4 Qa8 39. Qd1 Re8 40. Rd6 Qe4 41. Rd8 Rxd8 42. Qxd8+ Kh7 43.
Qd1 Ne6 44. Kg2 Ng5 45. a3 b5 46. Qb3 a5 47. e6 fxe6 48. g4 a4 49. Kf1 axb3 0-1

[Event "Early-Titled-Tuesday-Blitz-October-03-2023"]
[Site "Chess.com"]
[Date "2023.10.03"]
[Round "5"]
[White "Kotofeyca"]
[Black "MathiasWomacka"]
[Result "1/2-1/2"]
[WhiteElo "2400"]
[BlackElo "2568"]
[TimeControl "180+1"]
[EndTime "8:56:11 PDT"]
[Termination "Game drawn by repetition"]

1. d4 Nf6 2. c4 e6 3. Nf3 Bb4+ 4.
Nbd2 O-O 5. a3 Be7 6. e4 d5 7.
cxd5 exd5 8. e5 Nfd7 9. Bd3 c5 10. O-O Nc6 11. Re1 a5 12. b3 cxd4 13. Bb2 Nc5 14. Bb1 Bg4 15. h3 Bh5 16. g4 Bg6 17. Bxg6 fxg6 18.
Nxd4 Nd3 19. Ne6 Qd7 20. Nxf8 Rxf8 21. Qc2 Nxe1 22. Rxe1 Qe6 23. Qd3 Bg5 24. Nf3 Bf4 25.
Nd4 Nxd4 26. Qxd4 h5 27. f3 g5 28. Kg2 Rc8 29. Re2 h4 30. Bc3 b6 31. Bd2 Rc2 32. Kf1 Rxd2 33. Rxd2 Bxd2 34. Qxd2 Qxe5 35. Qd3 Kf7 36.
b4 axb4 37. axb4 Ke6 38. Qg6+ Kd7 39. Qf7+ Kc6 40. Qf8 Kb5 41. Kf2 Qg3+ 42. Ke2 Qxh3 43. Qe8+ Kxb4 44. Qe7+ Kc4 45. Qc7+ Kb5 46. Qd7+ Kc5 47.
Qc7+ Kb5 48. Qd7+ Ka6 49. Qa4+ Kb7 50. Qd7+ Kb8 51. Qd8+ Ka7 52. Qd7+ Ka6 53. Qa4+ Kb7 54. Qd7+ Ka6 1/2-1/2

[Event "Early-Titled-Tuesday-Blitz-October-03-2023"]
[Site "Chess.com"]
[Date "2023.10.03"]
[Round "5"]
[White "Zablotsky"]
[Black "BigAl"]
[Result "1-0"]
[WhiteElo "2734"]
[BlackElo "2558"]
[TimeControl "180+1"]
[EndTime "8:56:12 PDT"]
[Termination "Zablotsky won by resignation"]

1. Nf3 Nf6 2. g3 g6 3. b3 Bg7 4. Bb2 O-O 5. Bg2 d6 6. d4 a5 7. O-O a4 8. c4 c6 9. b4 Ne4 10. Na3 Nd7 11. Nd2 Nxd2 12. Qxd2 e5 13. Rfd1 Re8 14.
dxe5 dxe5 15. c5 Qe7 16. Nc4 Nf8 17. Nb6 Rb8 18. Nxa4 Be6 19. Nb6 Red8 20. Qc2 Bf5 21. Qb3 h5 22. a4 Ne6 23. a5 Nd4 24. Bxd4 exd4 25. Re1 h4 26. Rad1 hxg3 27. hxg3 Qc7 28. Qf3 Bc2 29. Rd2 Bf5 30. Red1 Re8 31. Qf4 Be5 32.
Qh4 Kg7 33. Rxd4 Rh8 34. Qg5 Rh5 35. Qe3 Rbh8 36. Rd7 Bxd7 37. Rxd7 Qb8 38. f4 Bf6 39. Qb3 Qe8 40. e4 Kg8 41. e5 Bxe5 42. fxe5 Rxe5 43. Qd3 Re1+ 44. Kf2 Kg7 45. Nc4 Rh5 46. Nd6 Qe5 47. Rxf7+ Kg8 48. Qxg6+ 1-0